 Dungeon Crawl Stone Soup version 0.25-a0-785-gb22c70e859 (webtiles) character file.

Game seed: 9199648587718429321, levelgen mode: deterministic

78 DildoBatman the Conjurer (level 4, -4/30 HPs)
             Began as a Formicid Wizard on Apr 16, 2020.
             Slain by a worker ant (6 damage)
             ... on level 2 of the Dungeon.
             The game lasted 00:05:09 (1469 turns).

DildoBatman the Conjurer (Formicid Wizard)          Turns: 1469, Time: 00:05:09

Health: -4/30      AC:  2    Str: 12    XL:     4   Next: 61%
Magic:  6/8        EV: 12    Int: 21    God:
Gold:   51         SH:  0    Dex:  9    Spells: 2/9 levels left

rFire    + . .     SeeInvis +   a - +0 spear
rCold    + . .     Gourm    .   (no shield)
rNeg     . . .     Faith    .   n - +0 robe
rPois    .         Spirit   .   (helmet unavailable)
rElec    .         Reflect  .   k - scarf {rC+ rF+}
rCorr    .         Harm     .   (no gloves)
MR       .....                  (no boots)
Stlth    ++........             r - amulet of regeneration
HPRegen  0.50/turn              o - +3 ring of intelligence
MPRegen  0.11/turn              (no ring)

@: lethally poisoned (-4 -> -9)
A: permanent stasis, dig shafts and tunnels, four strong arms, antennae 3
a: Dig, Shaft Self


You were on level 2 of the Dungeon.
You were not hungry.

You visited 1 branch of the dungeon, and saw 2 of its levels.

You collected 51 gold pieces.

Inventory:

Hand Weapons
 a - a +0 spear (weapon)
Missiles
 e - 55 stones (quivered)
 j - 35 arrows
Armour
 k - a scarf of resistance (worn)
 n - a +0 robe (worn)
Jewellery
 o - a +3 ring of intelligence (left hand)
 r - an amulet of regeneration (around neck)
Scrolls
 c - 2 scrolls of enchant armour {unknown}
 f - a scroll of amnesia {unknown}
 g - 6 scrolls of identify {unknown}
 h - 2 scrolls of remove curse {unknown}
 i - a scroll of enchant weapon {unknown}
 m - 3 scrolls of teleportation {unknown}
Potions
 d - a potion of ambrosia
 l - a potion of lignification {unknown}
Comestibles
 b - a chunk of flesh
 v - 4 rations


   Skills:
 - Level 1.7 Dodging
 - Level 2.4 Stealth
 - Level 3.2 Spellcasting
 * Level 3.7 Conjurations
   Level 1.0 Summonings
   Level 0.8 Translocations


You had 2 spell levels left.
You knew the following spells:

 Your Spells              Type           Power        Failure   Level  Hunger
a - Conjure Flame         Conj/Fire      ##......     19%         3    ###....
c - Magic Dart            Conj           ###.         2%          1    None
e - Mephitic Cloud        Conj/Pois/Air  #.......     24%         3    ###....

Your spell library contained the following spells:

 Spells                   Type           Power        Failure   Level  Hunger
 Call Imp                 Summ           #.......     13%         2    ##.....
 Slow                     Hex            #.......     21%         2    ##.....
 Blink                    Tloc           Unusable     N/A         2    N/A

Dungeon Overview and Level Annotations

Branches:
Dungeon (2/15)

Altars:


Innate Abilities, Weirdness & Mutations

You cannot be hasted, slowed, berserked, paralysed or teleported.
You can dig through walls and to a lower floor.
Your four strong arms can wield two-handed weapons with a shield.
You have a pair of large antennae on your head. (SInv)


Message History

You feel sick.
Casting: Magic Dart (safe; 2% risk of failure)
Confirm with . or Enter, or press ? or * to list all spells.
Aiming: Magic Dart (safe; 2% risk of failure)
Press: ? - help, Shift-Dir - straight line, f/p - worker ant
Aim: a worker ant (heavily wounded)
The magic dart hits the worker ant but does no damage.
The worker ant is heavily wounded.
You feel sick. The worker ant bites you.
Casting: Magic Dart (safe; 2% risk of failure)
Confirm with . or Enter, or press ? or * to list all spells.
Aiming: Magic Dart (safe; 2% risk of failure)
Press: ? - help, Shift-Dir - straight line, f/p - worker ant
Aim: a worker ant (heavily wounded)
The magic dart hits the worker ant.
The worker ant is severely wounded.
You feel sick. The worker ant bites you. x2
You die...

.## #.....# ##.##
##.## ..## #.....#
##.###.##
.#.###.....# #....##
###.##.....# ##.###
# ##.#.....### #.#
###.###......# #.#
.#.## #..###.# #.#
...# #..###.####.#
#.##
#.........@a########
#.#
#.##...####.........
#.# #......#
#.##.##.#.
#.#####......# #.#
.# .#......#...##
#.# .. #[.#####..#.#
... .# .#.# ##....#
.... .. .. #..#
#...### ..###.. #
.### #...# ..#...)


You could see a worker ant.

Vanquished Creatures
  3 adders (D:2)
  3 worms
  A leopard gecko (D:2)
  3 giant cockroaches
  6 goblins
  5 hobgoblins (D:2)
  2 quokkas (D:2)
  7 bats
  A frilled lizard (D:2)
  4 kobolds
  4 rats (D:1)
39 creatures vanquished.

Notes
Turn   | Place    | Note
-------+----------+-------------------------------------------
     0 | D:1      | DildoBatman the Formicid Wizard began the quest for the
                  | Orb.
     0 | D:1      | Reached XP level 1. HP: 13/13 MP: 4/4
    11 | D:1      | Reached skill level 1 in Conjurations
   174 | D:1      | Reached XP level 2. HP: 13/19 MP: 0/6
   599 | D:1      | Reached XP level 3. HP: 24/24 MP: 5/7
   604 | D:1      | Learned a level 3 spell: Conjure Flame
   608 | D:1      | Learned a level 3 spell: Mephitic Cloud
  1050 | D:2      | Reached XP level 4. HP: 22/30 MP: 0/8
  1469 | D:2      | Slain by a worker ant

Levels and vault maps discovered:
D:1:      sevenhm_arrival_forest_fort_small_6, layout_rooms
D:2:      layout_loops_cross, minivault_23, kennysheep_generic_room_9,
          uniq_robin

Skill      XL: |  1  2  3 |
---------------+----------+-----
Conjurations   | 1 2 3 |  3.7
Dodging        | |  1.7
Stealth        | |  2.4
Spellcasting   | |  3.2
Summonings     | |  1.0
Translocations | |  0.8

Action                   |  1- 3 |  4- 6 || total
-------------------------+-------+-------++-------
Melee: Club              |     7 |       ||     7
       Unarmed           |     3 |       ||     3
       Spear             |    30 |    19 ||    49
 Cast: Magic Dart        |    69 |    21 ||    90
 Abil: Dig               |     1 |       ||     1
  Use: Potion            |       |     1 ||     1
 Stab: Sleeping          |     2 |     1 ||     3
  Eat: Chunk             |     1 |     1 ||     2
Armor: Robe              |    13 |     2 ||    15
Dodge: Dodged            |    42 |    15 ||    57

Table legend:
 A = Non-vault XP
 B = Vault XP
 C = Vault XP percentage of total XP
 D = Non-vault monster count
 E = Vault monster count
 F = Vault count percentage of total count
                 A         B        C        D         E       F
            +---------+---------+-------+---------+---------+-------
      Total |     112 |       0 |   0.0 |      39 |       0 |   0.0
            +---------+---------+-------+---------+---------+-------
        D:1 |      37 |       0 |   0.0 |      21 |       0 |   0.0
        D:2 |      75 |       0 |   0.0 |      18 |       0 |   0.0
            +---------+---------+-------+---------+---------+-------
